 Dungeon Crawl Stone Soup version 0.31-a0-202-g547052bce9 (webtiles) character file.

Game seed: 7827508272325854766

91 qw the Shooter (level 4, -2/25 HPs)
             Began as a Deep Elf Hunter on June 26, 2023.
             Slain by an orc
             ... wielding a +0 mace
              (5 damage)
             ... on level 2 of the Dungeon.
             The game lasted 00:00:32 (1610 turns).

qw the Shooter (Deep Elf Hunter)                    Turns: 1610, Time: 00:00:33

Health: -2/25      AC:  6    Str: 10    XL:     4   Next: 34%
Magic:  6/6        EV: 11    Int: 14    God:
Gold:   118        SH:  0    Dex: 18    Spells: 3/3 levels left

rFire   . . .        Y - +1 shortbow (heavy)
rCold   . . .        (shield currently unavailable)
rNeg    . . .        f - +0 ring mail
rPois   .            j - +0 helmet
rElec   .            (no cloak)
rCorr   .            (no gloves)
SInv    .            (no boots)
Will    +....        (no amulet)
Stlth   +            (no ring)
HPRegen 0.24/turn    (no ring)
MPRegen 0.10/turn

%: no passive effects
@: about to teleport, enlightened, flying
A: no striking features
a: no special abilities


You were on level 2 of the Dungeon.
You visited 1 branch of the dungeon, and saw 3 of its levels.

You collected 118 gold pieces.


   Skills:
 - Level 1.5 Fighting
 + Level 7.8 Ranged Weapons
 - Level 2.4 Dodging
 - Level 1.2 Stealth


You had 3 spell levels left.
You didn't know any spells.
Your spell library was empty.

Inventory:

Hand Weapons
 Y - a +1 heavy shortbow (weapon)
Armour
 f - a +0 ring mail (worn)
 j - a +0 helmet (worn)
Scrolls
 b - a scroll of identify
Potions
 g - a potion of heal wounds
 h - a potion of enlightenment
 i - a potion of attraction {unknown}

Dungeon Overview and Level Annotations

Branches:
Dungeon (3/15)

Altars:
Uskayaw


Message History

The orc shouts!
The orc wizard shouts!
The arrow hits the orc!
You kill the orc!
You shoot an arrow. The arrow hits the dart slug!
You kill the dart slug!
You shoot an arrow. The arrow hits the orc!
You kill the orc!
You shoot an arrow. The arrow hits the orc wizard!
The orc wizard is severely wounded.
You shoot an arrow. The arrow misses the orc wizard.
The orc wizard mumbles some strange words.
The orc wizard flickers and vanishes!
Deactivating autopickup; reactivate with Ctrl-A.
You shoot an arrow. The arrow hits the orc.
The orc is lightly wounded.
The orc barely misses you.
You shoot an arrow. The arrow hits the orc.
The orc is moderately wounded.
You hear some strange, mumbled words.
A magic dart appears from out of thin air!
The magic dart hits you. The orc closely misses you.
1607 ||| STAIRDANCE Something hits you but does no damage.
The orc misses you.
You fly upwards.
Reactivating autopickup.
There is a stone staircase leading down here.
You shoot an arrow.
The arrow hits the orc but does no damage.
The orc is moderately wounded.
Something hits you. Something freezes you.
Deactivating autopickup; reactivate with Ctrl-A.
The orc hits you with a +0 mace.
You hear some strange, mumbled words.
A puff of flame appears from out of thin air!
The puff of flame hits you. The orc hits you with a +0 mace.
1610 ||| READING scroll of teleportation.
As you read the scroll of teleportation, it crumbles to dust.
You feel strangely unstable. Something hits you but does no damage.
The orc hits you with a +0 mace.
You die...

#.....###### #...##########
#..........###...##.......#
#..........'.'...++.......#
#####......###...##........
#......#.# #...##........
#........# #.............
#.......)###.....###~..~#
#)......o##.....#...#~~#.
##.....{@.......#.}.#~~#.
#..............#...#~~#.
#...............###~~~~#
#.......#...##....~~~~~~
#......##.........~~~~~~
###......#........###~~~~#
#................#...#~~#.
#................#.}.#~~#.
#.........#......#...#~~#.


You could see an orc.

Vanquished Creatures
  5 adders (D:2)
  A worm (D:2)
  2 dart slugs
  3 orcs (D:3)
  2 endoplasms (D:1)
  2 giant cockroaches
  4 goblins
  A hobgoblin (D:2)
  2 jackals (D:2)
  4 kobolds
  3 ball pythons
  3 bats
  3 frilled lizards (D:2)
  3 rats
38 creatures vanquished.

Notes
Turn   | Place    | Note
-------+----------+-------------------------------------------
     0 | D:1      | qw the Deep Elf Hunter began the quest for the Orb.
     0 | D:1      | Reached XP level 1. HP: 12/12 MP: 3/3
     0 | D:1      | 0 ||| qw: Version: 0.3-a-22-g0ed2b0b
     0 | D:1      | 0 ||| qw: Game counter: 5905
     0 | D:1      | 0 ||| qw: Melee chars always use a shield: true
     0 | D:1      | 0 ||| qw: God list: Okawaru
     0 | D:1      | 0 ||| qw: Allow faded altars: false
     0 | D:1      | 0 ||| qw: Do Orc after clearing Dungeon:15 true
     0 | D:1      | 0 ||| qw: Do second Lair branch before Depths: true
     0 | D:1      | 0 ||| qw: Lair rune preference: random
     0 | D:1      | 0 ||| qw: Goals: Normal
     0 | D:1      | 0 ||| PLANNING D:1-11
    38 | D:1      | Found a faded altar of an unknown god.
   624 | D:1      | Reached skill level 6 in Ranged Weapons
   624 | D:1      | Reached XP level 2. HP: 14/16 MP: 4/4
   624 | D:1      | 624 ||| FLEEEEING.
   626 | D:1      | 626 ||| FLEEEEING.
   745 | D:1      | 745 ||| UPGRADING to +0 ring mail.
   755 | D:1      | 755 ||| DROPPING +0 leather armour.
   756 | D:1      | 756 ||| READING 2 scrolls labelled TIR YKAHE ZIB.
   760 | D:1      | 760 ||| READING scroll labelled XIEVIO GEARO.
   761 | D:1      | 761 ||| DROPPING scroll of butterflies.
   840 | D:2      | Reached XP level 3. HP: 20/20 MP: 5/5
   944 | D:2      | Found a hide-covered altar of Uskayaw.
   950 | D:2      | Reached skill level 7 in Ranged Weapons
  1026 | D:2      | Identified the +4 whip of Veboed {venom, rPois rN+ Str-3
                  | Int+2}
  1086 | D:2      | Reached XP level 4. HP: 25/25 MP: 6/6
  1579 | D:2      | 1579 ||| UPGRADING to +0 helmet.
  1584 | D:2      | 1584 ||| READING scroll labelled OCOOSY GAPS.
  1585 | D:2      | 1585 ||| READING scroll labelled VEFUTY DIJU.
  1586 | D:2      | 1586 ||| READING scroll labelled NEYMMA RYPRUB.
  1587 | D:2      | 1587 ||| DRINKING 2 fizzy silvery potions.
  1588 | D:2      | 1588 ||| READING 2 scrolls of identify.
  1588 | D:2      | 1588 ||| IDENTIFYING sedimented red potion
  1607 | D:3      | 1607 ||| STAIRDANCE
  1609 | D:2      | HP: 5/25 [something/puff of flame (6)]
  1610 | D:2      | 1610 ||| READING scroll of teleportation.
  1610 | D:2      | Slain by an orc

Levels and vault maps discovered:
D:1:      roderic_chinese_lattice_arrival, layout_loops_ring,
          shapermc_ecumenical_altar_flowoftime
D:2:      layout_basic, basic_altar, fountainhead, minmay_pentomino_q2
D:3:      kennysheep_six_static_rooms, layout_basic

Skill      XL: |  1  2  3 |
---------------+----------+-----
Ranged Weapons | 6 7 |  7.8
Fighting       | |  1.5
Dodging        | |  2.4
Stealth        | |  1.2

Action                     |  1- 3 |  4- 6 || total
---------------------------+-------+-------++-------
   Fire: Shortbow          |    81 |    30 ||   111
    Use: Scroll            |     2 |     5 ||     7
         Potion            |       |     1 ||     1
 Armour: Leather armour    |     1 |       ||     1
         Ring mail         |     5 |     8 ||    13
  Dodge: Dodged            |    11 |    11 ||    22

Table legend:
 A = Non-vault XP
 B = Vault XP
 C = Vault XP percentage of total XP
 D = Non-vault monster count
 E = Vault monster count
 F = Vault count percentage of total count
                 A         B        C        D         E       F
            +---------+---------+-------+---------+---------+-------
      Total |     115 |      16 |  12.2 |      36 |       2 |   5.3
            +---------+---------+-------+---------+---------+-------
        D:1 |      15 |       0 |   0.0 |       9 |       0 |   0.0
        D:2 |      87 |      16 |  15.5 |      23 |       2 |   8.0
        D:3 |      13 |       0 |   0.0 |       4 |       0 |   0.0
            +---------+---------+-------+---------+---------+-------
